 Dungeon Crawl Stone Soup version 0.30-a0-722-g3e6e8c874d (webtiles) character file.

Game seed: 4360817336692590370

7364 ragingrage the Grave Robber (level 10, -8/71 HPs)
             Began as a Mummy Wanderer on Jan 26, 2023.
             Was an Initiate of Gozag.
             Mangled by a deep troll (12 damage)
             ... on level 9 of the Dungeon on Jan 27, 2023.
             The game lasted 00:22:48 (12258 turns).

ragingrage the Grave Robber (Mummy Wanderer)       Turns: 12258, Time: 00:22:49

Health: -8/71      AC:  7    Str: 15    XL:     10   Next: 91%
Magic:  17/20      EV: 16    Int: 15    God:    Gozag
Gold:   416        SH:  5    Dex: 13    Spells: 15/23 levels left

rFire   x . .      SeeInvis .    b - staff of poison
rCold   + + .      Faith    +    (no shield)
rNeg    + + +      Spirit   .    o - +2 ring mail {rC+}
rPois   ∞          Reflect  +    (no helmet)
rElec   .          Harm     .    x - scarf {repulsion}
rCorr   +          Rampage  .    (no gloves)
Will    +....                    (no boots)
Stlth   ++                       w - amulet of reflection
HPRegen 0.31/turn                n - +5 ring of evasion
MPRegen 0.17/turn                y - ring of resist corrosion

@: repel missiles
A: cold resistance 1, negative energy resistance 3, torment resistance 2, heat
vulnerability 1, in touch with death 1, no potions, faith
a: Renounce Religion, Potion Petition, Call Merchant, Bribe Branch


You were on level 9 of the Dungeon.
You worshipped Gozag.
Gozag was aware of your devotion.
You visited 2 branches of the dungeon, and saw 11 of its levels.
You also visited: Ossuary.

You collected 1737 gold pieces.
You paid 1321 gold pieces to Gozag.

Inventory:

Hand Weapons
 a - a +2 dagger of venom
 t - a +0 shortbow
Missiles
 h - 44 poisoned darts
 v - 2 throwing nets
 B - 2 curare-tipped darts
Armour
 d - a +0 leather armour
 o - a +2 ring mail of cold resistance (worn)
 x - a scarf of repulsion (worn)
 D - a +0 leather armour of fire resistance
Magical Staves
 b - a staff of poison (weapon)
 k - a staff of earth
Jewellery
 n - a +5 ring of evasion (left hand)
 w - an amulet of reflection (around neck)
 y - a ring of resist corrosion (right hand)
Wands
 p - a wand of mindburst (26)
 r - a wand of iceblast (13)
 A - a wand of flame (22)
Scrolls
 c - 3 scrolls of vulnerability
 e - 8 scrolls of identify
 f - 3 scrolls of fear
 g - a scroll of magic mapping
 i - 2 scrolls of blinking
 j - 3 scrolls of fog
 l - 2 scrolls of noise
 m - 6 scrolls of teleportation
 q - 2 scrolls of poison
 s - 2 scrolls of enchant armour
 u - a scroll of brand weapon
 z - a scroll of amnesia
 C - a scroll of torment
Miscellaneous
 E - a lightning rod (4/4)


   Skills:
 - Level 4.0 Fighting
 - Level 2.1 Short Blades
 - Level 3.0 Armour
 - Level 3.0 Dodging
 - Level 4.1 Stealth
 - Level 7.0 Spellcasting
 + Level 7.7 Necromancy
 - Level 3.2 Transmutations
 - Level 6.4 Fire Magic
 - Level 6.4 Poison Magic
 - Level 1.0 Invocations


You had 15 spell levels left.
You knew the following spells:

 Your Spells              Type           Power      Damage    Failure   Level
a - Sting                 Tmut/Pois      100%       1d8       3%          1
b - Ignite Poison         Fire/Tmut/Pois 32%        N/A       9%          3
c - Dispel Undead         Necr           42%        3d17      11%         4

Your spell library contained the following spells:

 Spells                   Type           Power      Damage    Failure   Level
 Cigotuvi's Dreadful Rot  Necr/Pois/Air  86%        N/A       5%          2
 Apportation              Tloc           10%        N/A       26%         1
 Summon Small Mammal      Summ           20%        N/A       26%         1
 Call Canine Familiar     Summ           5%         N/A       58%         3
 Summon Guardian Golem    Hex/Summ       5%         N/A       58%         3
 Alistair's Intoxication  Tmut/Pois      19%        N/A       67%         5
 Death Channel            Necr           21%        N/A       86%         6


Dungeon Overview and Level Annotations

Branches:
Dungeon (10/15)            Temple (1/1) D:4         Ossuary (visited)
   Lair: D:8-11         Orc: D:9-12

Altars:
Cheibriados
Fedhas
Gozag
Kikubaaqudgha
Makhleb
Nemelex Xobeh
Okawaru
Qazlal
Ru
Sif Muna
Trog
Uskayaw
Vehumet
Wu Jian
Xom
Yredelemnul

Annotations:
D:7 exclusion: downstairs
D:8 Maggie
D:9 exclusion: efreet


Innate Abilities, Weirdness & Mutations

You are immune to poison.
Your flesh is cold resistant. (rC+)
You are immune to negative energy. (rN+++)
You are immune to unholy pain and torment.
You are vulnerable to heat. (rF-)
You are in touch with the powers of death.
You do not drink.
You have a special connection with the divine. (Faith)


Message History

The deep troll is lightly wounded.
You hit the deep troll.
The deep troll is poisoned.
The deep troll is lightly wounded.
You block the deep troll's attack. The deep troll claws you.
The deep troll misses you.
You barely miss the deep troll.
The deep troll is lightly wounded.
The deep troll bites you. The deep troll closely misses you.
The deep troll claws you.
Your +2 dagger of venom stops dripping with poison.
b - a staff of poison (weapon)
You block the deep troll's attack. The deep troll closely misses you.
The deep troll claws you!
Casting: Ignite Poison (dangerous; 9% risk of failure)
Confirm with . or Enter, or press ? or * to list all spells.
You feel a surge of power!
You ignite the poison in your surroundings!
The deep troll seems to burn from within!!
The deep troll is severely wounded.
The deep troll bites you. The deep troll claws you!
The deep troll claws you but does no damage.
Your +2 dagger of venom begins to drip with poison!
a - a +2 dagger of venom (weapon)
You hit the deep troll but do no damage.
The deep troll is poisoned.
The deep troll is severely wounded.
The deep troll bites you! The deep troll barely misses you.
The deep troll claws you!
* * * LOW HITPOINT WARNING * * *
You hit the deep troll but do no damage.
The deep troll looks as sick as possible!
The deep troll is severely wounded.
The deep troll closely misses you. x2; The deep troll claws you!
* * * LOW HITPOINT WARNING * * *
Your +2 dagger of venom stops dripping with poison.
b - a staff of poison (weapon)
The deep troll closely misses you. You block the deep troll's attack.
The deep troll claws you!
You die...
Your body crumbles into a pile of gold.

.#.#.#### #.##.........#
...#.# ##.####......##
.....######.....'......#
#####........####......#
....'.<........####.####
#####......#.#.#.##..#
.......#.......#.###.#
...............#T#.#.#
.####.##.#######@#)#.#
......###.# #.#.#.##
......#..#### #.#.###
..#.#####...# #.#.#
###.#....######.###
###'#####.....#} ......#
############# .<....#
#.....##### ......# ###
######....#


You could see a deep troll (extremely poisoned).

Vanquished Creatures
  A two-headed ogre (D:8)
  A tengu warrior (D:9)
  2 cyclopes (D:9)
  A freezing wraith (D:9)
  A hornet (D:8)
  Sigmund (D:2)
  2 vampires
  2 yaks (D:9)
  A basilisk (D:9)
  A wyvern (D:8)
  2 steam dragons (D:9)
  A water moccasin (D:6)
  2 orc warriors
  2 ice beasts
  7 ogres
  A black bear (D:5)
  3 centaurs
  5 kobold brigands
  6 bullfrogs
  2 gnoll sergeants (D:7)
  A necrophage (D:5)
  3 scorpions
  4 killer bees (D:9)
  A crimson imp (D:8)
  2 gnoll boudas
  2 hounds
  2 jellies
  4 orc priests
  An iguana (D:7)
  9 orc wizards
  Natasha (thrice) (D:3)
  8 adders
  17 gnolls
  2 shadow imps (D:7)
  4 white imps
  3 worms
  4 dart slugs
  28 orcs
  6 bats
  6 endoplasms
  4 giant cockroaches
  2 goblins
  5 hobgoblins
  10 jackals
  25 kobolds
  5 quokkas
  5 ball pythons
  3 frilled lizards (D:1)
  6 rats
219 creatures vanquished.

Vanquished Creatures (others)
  A ball python (D:1)
  A kobold (D:9)
  A rat (D:1)
  3 plants (D:9)
6 creatures vanquished.

Grand Total: 225 creatures vanquished

Notes
Turn   | Place    | Note
-------+----------+-------------------------------------------
     0 | D:1      | ragingrage the Mummy Wanderer began the quest for the Orb.
     0 | D:1      | ragingrage set off with the following items: a +0 club, 2
                  | throwing nets, 2 scrolls of vulnerability, a +0 leather
                  | armour; and the following spell memorised: Sting; and the
                  | following spells available to memorise: Ignite Poison.
     0 | D:1      | Reached XP level 1. HP: 15/15 MP: 4/4
   147 | D:1      | Reached skill level 1 in Poison Magic
   184 | D:1      | Reached XP level 2. HP: 11/21 MP: 5/5
   702 | D:1      | Gained mutation: You are in touch with the powers of death.
                  | [Mummy growth]
   702 | D:1      | Reached XP level 3. HP: 25/26 MP: 2/7
  1147 | D:2      | Noticed Sigmund
  1253 | D:2      | Learned a level 3 spell: Ignite Poison
  1478 | D:2      | Reached XP level 4. HP: 23/32 MP: 8/8
  1675 | D:2      | Killed Sigmund
  1676 | D:2      | Reached XP level 5. HP: 15/37 MP: 7/9
  2030 | D:3      | Noticed Natasha
  2038 | D:3      | Killed Natasha
  2151 | D:3      | Reached XP level 6. HP: 39/43 MP: 10/10
  2151 | D:3      | Noticed Natasha
  2172 | D:3      | Reached skill level 5 in Poison Magic
  2176 | D:3      | Killed Natasha
  2285 | D:3      | Noticed Natasha
  2294 | D:3      | Killed Natasha
  2793 | D:3      | Found a faded altar of an unknown god.
  3182 | D:4      | Found a staircase to the Ecumenical Temple.
  3209 | Temple   | Entered the Ecumenical Temple
  3353 | Temple   | Became a worshipper of Gozag Ym Sagoz the Greedy
  3538 | D:4      | Found a shimmering blue altar of Sif Muna.
  3581 | D:4      | Found a sand-covered staircase.
  3590 | Ossuary  | Entered an ossuary
  4138 | D:5      | Entered Level 5 of the Dungeon
  4171 | D:5      | Noticed an ice beast
  4339 | D:5      | Reached skill level 1 in Fire Magic
  4339 | D:5      | Reached XP level 7. HP: 43/48 MP: 11/11
  4423 | D:5      | Found a basalt altar of Yredelemnul.
  4637 | D:5      | Found a sacrificial altar of Ru.
  4682 | D:5      | Reached skill level 1 in Stealth
  4756 | D:5      | Found a sparkling altar of Nemelex Xobeh.
  5023 | D:5      | Reached XP level 8. HP: 44/54 MP: 8/12
  5120 | D:5      | Found a snail-covered altar of Cheibriados.
  5341 | D:6      | Found a blossoming altar of Fedhas.
  5625 | D:6      | Reached skill level 5 in Fire Magic
  6539 | D:7      | Reached skill level 5 in Spellcasting
  6708 | D:7      | Reached XP level 9. HP: 45/59 MP: 17/17
  6932 | D:7      | Found a bloodstained altar of Trog.
  7764 | D:7      | Reached skill level 1 in Armour
  8159 | D:7      | Learned a level 4 spell: Dispel Undead
  8303 | D:8      | Noticed Maggie
  8437 | D:8      | Reached skill level 1 in Necromancy
  8568 | D:8      | Found a radiant altar of Vehumet.
  8569 | D:8      | Found a burning altar of Makhleb.
  8613 | D:8      | Noticed a two-headed ogre
  8643 | D:8      | HP: 3/62 [two-headed ogre/+0 giant club (22)]
  8955 | D:9      | Found an iron altar of Okawaru.
  9805 | D:9      | Reached skill level 1 in Short Blades
  9990 | D:8      | Noticed a two-headed ogre
  9996 | D:8      | Killed a two-headed ogre
  9997 | D:8      | Reached XP level 10. HP: 58/70 MP: 15/20
 10793 | D:10     | Entered Level 10 of the Dungeon
 11051 | D:9      | Upgraded the game from 0.30-a0-719-gcc4359ea44 to
                  | 0.30-a0-722-g3e6e8c874d
 11206 | D:9      | Noticed a cyclops
 11210 | D:9      | Killed a cyclops
 11214 | D:9      | Noticed a cyclops
 11220 | D:9      | Killed a cyclops
 11221 | D:9      | Reached skill level 5 in Necromancy
 12107 | D:9      | Noticed a tengu warrior
 12132 | D:9      | Killed a tengu warrior
 12170 | D:9      | Noticed a deep troll
 12258 | D:9      | Mangled by a deep troll

Illustrated notes

Levels and vault maps discovered:
D:1:      eino_arrival_cavern_a, layout_rooms, lemuel_flame_loot_1
D:2:      layout_basic, uniq_sigmund
D:3:      layout_loops_ring, ebering_ecumenical_altar_rust, wad_rectangle_vault,
          uniq_natasha
D:4:      layout_cave_pools, kennysheep_orc_sif_temple,
          minmay_temple_entry_sparse_star, enter_ossuary_1
D:5:      layout_loops_ring, overflow_temple_1_default, amcnicky_altar_gilded,
          kennysheep_mini, chei_slow_surprise
D:6:      layout_loops_ring, nicolae_overflow_crystal_walls
D:7:      minmay_evil_eye, layout_rooms, trog_antimagical, minmay_crossroads
D:8:      layout_rooms, grunt_temple_overflow_lords_of_destruction, uniq_psyche,
          uniq_maggie
D:9:      minmay_chopped_fan, layout_basic, mainiacjoe_overflow_tiny_flanked,
          tso_oasis_becter
D:10:     layout_basic, nicolae_hepliaklqana_hippocampus, lemuel_tele_altar,
          mainiacjoe_overflow_paths, gammafunk_ghost_grave, uniq_harold
Temple:   hellmonk_temple_flake

Skill      XL: |  1  2  3  4  5  6  7  8  9 10 |
---------------+-------------------------------+-----
Poison Magic   | 1 2 3 4 6 |  6.4
Fire Magic     | 1 3 6 |  6.4
Stealth        | 2 3 4 |  4.1
Spellcasting   | 5 7 |  7.0
Armour         | 2 3 |  3.0
Dodging        | 3 |  3.0
Fighting       | 3 4 |  4.0
Necromancy     | 1 7 |  7.7
Short Blades   | 1 2 |  2.1
Transmutations | |  3.2
Invocations    | |  1.0

Action                     |  1- 3 |  4- 6 |  7- 9 | 10-12 || total
---------------------------+-------+-------+-------+-------++-------
  Melee: Dagger            |    67 |   150 |   288 |   127 ||   632
         Club              |     1 |       |       |       ||     1
         Punch             |       |     1 |     3 |     1 ||     5
         Staff             |       |       |     6 |       ||     6
   Cast: Sting             |    41 |    50 |   104 |    14 ||   209
         Ignite Poison     |       |     1 |    26 |    28 ||    55
         Dispel Undead     |       |       |       |     4 ||     4
 Invoke: Potion Petition   |       |       |       |     4 ||     4
  Evoke: Wand              |       |       |       |    18 ||    18
    Use: Scroll            |     1 |     3 |     6 |     5 ||    15
   Stab: Distracted        |       |       |     1 |     2 ||     3
         Sleeping          |       |       |     1 |     1 ||     2
 Armour: Leather armour    |    22 |    29 |       |       ||    51
         Ring mail         |       |    16 |    85 |    38 ||   139
  Dodge: Dodged            |    54 |   110 |   268 |   132 ||   564
         Repelled          |       |       |     1 |     1 ||     2
  Block: Other             |       |       |    39 |    31 ||    70
         Reflection        |       |       |     1 |     2 ||     3

Table legend: (Time is in decaauts)
 A = Elapsed time spent in this place.
 B = Non-inter-level travel time spent in this place.
 C = Inter-level travel time spent in this place.
 D = Time resting spent in this place.
 E = Time spent auto-exploring this place.
 F = Levels seen in this place.
 G = Mean time per level.
                   A        B        C        D        E       F      G
               +--------+--------+--------+--------+--------+-----+--------+
         Total |  12206 |  11802 |    404 |   3337 |   5666 |  12 | 1017.2 |
       Dungeon |  12010 |  11625 |    385 |   3337 |   5505 |  10 | 1201.0 |
        Temple |    155 |    137 |     18 |      0 |    128 |   1 |  155.0 |
       Ossuary |     40 |     40 |      0 |      0 |     33 |   1 |   40.0 |
               +--------+--------+--------+--------+--------+-----+--------+

Top non-repeatable levels by time:
     D:9: 2773 daAuts
     D:7: 2119 daAuts
     D:1: 1249 daAuts
     D:5: 1152 daAuts
     D:3: 1130 daAuts
     D:6: 1126 daAuts
     D:4: 826 daAuts
     D:2: 780 daAuts
     D:8: 774 daAuts
  Temple: 155 daAuts
    D:10: 77 daAuts
 Ossuary: 40 daAuts
